3A
IDAHO FALLS CHUKARS @ GRAND FORKS CATERPILLARS
06/09/2038
 
TOP OF THE 1ST
Idaho Falls Chukars batting - Pitching for Grand Forks Caterpillars : RHP Hsin-ta Yin
Pitching: RHP Hsin-ta Yin
Batting: SHB Koryusai Ohayashi 0-0: Swinging Strike
0-1: Called Strike
0-2: Foul Ball, location: 2F
0-2: Strikes out swinging
Batting: RHB Richard Forrest 0-0: SINGLE (Line Drive, 89M, EV 106.9 MPH)
Batting: RHB Vinnie Nuyten 0-0: Ball
1-0: Ground out U3 (Groundball, 34S, EV 83.8 MPH)
Richard Forrest to second
Batting: RHB César Vélez 0-0: Fly out, F7 (Flyball, 7LMF, EV 108.8 MPH)
Top of the 1st over - 0 runs, 1 hit, 0 errors, 1 left on base; Idaho Falls 0 - Grand Forks 0
BOTTOM OF THE 1ST
Grand Forks Caterpillars batting - Pitching for Idaho Falls Chukars : RHP Poom Saksansin
Pitching: RHP Poom Saksansin
Batting: SHB Manu Pakkarinen 0-0: Called Strike
0-1: Ball
1-1: Ground out 6-3 (Groundball, 6, EV 87.5 MPH)
Batting: SHB Momoru Kichida 0-0: Ball
1-0: Ball
2-0: Ground out 4-3 (Groundball, 34, EV 96.2 MPH)
Batting: LHB Norbert Ingalsbe 0-0: Fly out, F8 (Flyball, 8RD, EV 97.5 MPH)
Bottom of the 1st over - 0 runs, 0 hits, 0 errors, 0 left on base; Idaho Falls 0 - Grand Forks 0
TOP OF THE 2ND
Idaho Falls Chukars batting - Pitching for Grand Forks Caterpillars : RHP Hsin-ta Yin
Batting: SHB Joe Middleton 0-0: Called Strike
0-1: Foul Ball, location: 2F
0-2: Ball
1-2: SINGLE (Line Drive, 89S, EV 107.5 MPH)
Batting: SHB Oscar Henson 0-0: Ball
1-0: Reached on error, E6 (Groundball, 6, EV 80.6 MPH)
Joe Middleton to second
Batting: LHB Doyle Berkey 0-0: Ball
1-0: Called Strike
1-1: Called Strike
1-2: Hit by Pitch
Joe Middleton to third
Oscar Henson to second
Batting: RHB Jon Walker 0-0: Ball
1-0: Ball
2-0: Ball
3-0: Called Strike
3-1: Base on Balls
Joe Middleton scores
Oscar Henson to third
Doyle Berkey to second
Batting: RHB Javier Botín 0-0: Ball
1-0: Ball
2-0: Called Strike
2-1: Foul Ball, location: 2F
2-2: Grounds into double play, 6-4-3 (Groundball, 6, EV 91.2 MPH)
Oscar Henson scores
Doyle Berkey to third
Batting: SHB Koryusai Ohayashi 0-0: Called Strike
0-1: Ball
1-1: Ball
2-1: Ground out 4-3 (Groundball, 4S, EV 87.5 MPH)
Top of the 2nd over - 2 runs, 1 hit, 1 error, 1 left on base; Idaho Falls 2 - Grand Forks 0
BOTTOM OF THE 2ND
Grand Forks Caterpillars batting - Pitching for Idaho Falls Chukars : RHP Poom Saksansin
Batting: RHB Shao Qigang 0-0: Ground out 4-3 (Groundball, 4, EV 99.4 MPH)
Batting: RHB John Camp 0-0: Ball
1-0: Ball
2-0: Foul Ball, location: 2F
2-1: Fly out, F9 (Flyball, 89D, EV 104.4 MPH)
Batting: LHB Mario Hernández 0-0: Ball
1-0: Ball
2-0: Ball
3-0: Called Strike
3-1: Ground out 6-3 (Groundball, 56D, EV 101.9 MPH)
Bottom of the 2nd over - 0 runs, 0 hits, 0 errors, 0 left on base; Idaho Falls 2 - Grand Forks 0
TOP OF THE 3RD
Idaho Falls Chukars batting - Pitching for Grand Forks Caterpillars : RHP Hsin-ta Yin
Batting: RHB Richard Forrest 0-0: Called Strike
0-1: Ball
1-1: Ball
2-1: Ground out U3 (Groundball, 3, EV 92.5 MPH)
Batting: RHB Vinnie Nuyten 0-0: Ball
1-0: Called Strike
1-1: SINGLE (Line Drive, 9S, EV 95.6 MPH)
Batting: RHB César Vélez 0-0: Ball
Vinnie Nuyten steals 2nd base
1-0: Ground out 3-1 (Groundball, 34, EV 92.5 MPH)
Vinnie Nuyten to third
Batting: SHB Joe Middleton 0-0: Fly out, F8 (Flyball, 78D, EV 78.1 MPH)
Top of the 3rd over - 0 runs, 1 hit, 0 errors, 1 left on base; Idaho Falls 2 - Grand Forks 0
BOTTOM OF THE 3RD
Grand Forks Caterpillars batting - Pitching for Idaho Falls Chukars : RHP Poom Saksansin
Batting: LHB Armando Ventura 0-0: Foul Ball, location: 2F
0-1: Ball
1-1: Called Strike
1-2: Strikes out swinging
Batting: RHB Sam McConnell 0-0: Called Strike
0-1: Ball
1-1: Called Strike
1-2: Ball
2-2: Foul Ball, location: 2F
2-2: Ball
3-2: Foul Ball, location: 2F
3-2: Ground out 6-3 (Groundball, 6, EV 83.1 MPH)
Batting: RHB Alfredo Guerrero 0-0: Foul Ball, location: 2F
0-1: Ball
1-1: Swinging Strike
1-2: Foul Ball, location: 2F
1-2: SINGLE (Groundball, 56D, EV 95.6 MPH)
Batting: SHB Manu Pakkarinen 0-0: Fielders Choice at 2nd, 5-4 (Groundball, 5D, EV 88.8 MPH)
Bottom of the 3rd over - 0 runs, 1 hit, 0 errors, 1 left on base; Idaho Falls 2 - Grand Forks 0
TOP OF THE 4TH
Idaho Falls Chukars batting - Pitching for Grand Forks Caterpillars : RHP Hsin-ta Yin
Batting: SHB Oscar Henson 0-0: Ball
1-0: Bunt missed!
1-1: Ground out 5-3 (Groundball, 25, EV 66.2 MPH)
Batting: LHB Doyle Berkey 0-0: Swinging Strike
0-1: Fly out, F8 (Flyball, 8LXD, EV 106.2 MPH)
Batting: RHB Jon Walker 0-0: Ball
1-0: Ball
2-0: Ball
3-0: Called Strike
3-1: Foul Ball, location: 2F
3-2: Foul Ball, location: 2F
3-2: Base on Balls
Batting: RHB Javier Botín 0-0: Called Strike
0-1: Ball
1-1: Foul Ball, location: 2F
1-2: SINGLE (Groundball, 25, EV 76.2 MPH) (infield hit)
Jon Walker to second
Batting: SHB Koryusai Ohayashi 0-0: Called Strike
0-1: SINGLE (Groundball, 34D, EV 100.6 MPH)
Jon Walker to third
Javier Botín to second
Runner from 3rd tries for Home, SAFE, throw by RF to home
Batting: RHB Richard Forrest 0-0: Ball
1-0: Ball
2-0: Fielders Choice at 2nd, 6-4 (Groundball, 6, EV 90.6 MPH)
Top of the 4th over - 1 run, 2 hits, 0 errors, 2 left on base; Idaho Falls 3 - Grand Forks 0
BOTTOM OF THE 4TH
Grand Forks Caterpillars batting - Pitching for Idaho Falls Chukars : RHP Poom Saksansin
Batting: SHB Momoru Kichida 0-0: Ball
1-0: Ball
2-0: Ground out 1-3 (Groundball, 13S, EV 68.1 MPH)
Batting: LHB Norbert Ingalsbe 0-0: Foul Ball, location: 2F
0-1: Ball
1-1: DOUBLE (Line Drive, 5D, EV 98.8 MPH)
Batting: RHB Shao Qigang 0-0: Ball
1-0: Called Strike
1-1: SINGLE (Line Drive, 9S, EV 101.9 MPH)
Norbert Ingalsbe to third
Batting: RHB John Camp 0-0: Called Strike
0-1: Called Strike
0-2: Ball
1-2: Foul Ball, location: 2F
1-2: SINGLE (Groundball, 56D, EV 103.8 MPH)
Norbert Ingalsbe scores
Shao Qigang to second
Batting: LHB Mario Hernández 0-0: Ball
1-0: Ball
2-0: Ball
3-0: Called Strike
3-1: Called Strike
3-2: Foul Ball, location: 2F
3-2: Base on Balls
Shao Qigang to third
John Camp to second
Batting: LHB Armando Ventura 0-0: Called Strike
0-1: Foul Ball, location: 2F
0-2: Foul Ball, location: 2F
0-2: Strikes out swinging
Batting: RHB Sam McConnell 0-0: Ball
1-0: Ground out 1-3 (Groundball, 34S, EV 88.8 MPH)
Bottom of the 4th over - 1 run, 3 hits, 0 errors, 3 left on base; Idaho Falls 3 - Grand Forks 1
TOP OF THE 5TH
Idaho Falls Chukars batting - Pitching for Grand Forks Caterpillars : RHP Hsin-ta Yin
Pitching: RHP Takuro Soma
Batting: RHB Vinnie Nuyten 0-0: Ball
1-0: Called Strike
1-1: Ball
2-1: Called Strike
2-2: Ball
3-2: Foul Ball, location: 2F
3-2: Foul Ball, location: 2F
3-2: Fly out, F3 (Popup, 3L, EV 63.8 MPH)
Batting: RHB César Vélez 0-0: Called Strike
0-1: Ball
1-1: Swinging Strike
1-2: Foul Ball, location: 2F
1-2: Strikes out swinging, 2-3 out at first.
Batting: SHB Joe Middleton 0-0: Ball
1-0: Fly out, F7 (Flyball, 7S, EV 91.2 MPH)
Top of the 5th over - 0 runs, 0 hits, 0 errors, 0 left on base; Idaho Falls 3 - Grand Forks 1
BOTTOM OF THE 5TH
Grand Forks Caterpillars batting - Pitching for Idaho Falls Chukars : RHP Poom Saksansin
Batting: RHB Alfredo Guerrero 0-0: Called Strike
0-1: Ball
1-1: Swinging Strike
1-2: Strikes out swinging
Batting: SHB Manu Pakkarinen 0-0: Ground out 1-3 (Groundball, 13, EV 82.5 MPH)
Batting: SHB Momoru Kichida 0-0: Ball
1-0: Called Strike
1-1: Swinging Strike
1-2: Fly out, F8 (Flyball, 78D, EV 97.5 MPH)
Bottom of the 5th over - 0 runs, 0 hits, 0 errors, 0 left on base; Idaho Falls 3 - Grand Forks 1
TOP OF THE 6TH
Idaho Falls Chukars batting - Pitching for Grand Forks Caterpillars : RHP Takuro Soma
Batting: SHB Oscar Henson 0-0: Ball
1-0: Bunted foul
1-1: DOUBLE (Line Drive, 9LD, EV 107.5 MPH)
Batting: LHB Doyle Berkey 0-0: Called Strike
0-1: Foul Ball, location: 2F
0-2: Strikes out swinging
Batting: RHB Jon Walker 0-0: Ball
1-0: Swinging Strike
1-1: Swinging Strike
1-2: Strikes out swinging
Batting: RHB Javier Botín 0-0: Swinging Strike
0-1: Ball
1-1: Ball
2-1: Ball
3-1: Swinging Strike
3-2: Base on Balls
Batting: SHB Koryusai Ohayashi 0-0: Ball
1-0: Foul Ball, location: 2F
1-1: Swinging Strike
1-2: Foul Ball, location: 2F
1-2: Ball
2-2: Fly out, F9 (Line Drive, 9, EV 98.8 MPH)
Top of the 6th over - 0 runs, 1 hit, 0 errors, 2 left on base; Idaho Falls 3 - Grand Forks 1
BOTTOM OF THE 6TH
Grand Forks Caterpillars batting - Pitching for Idaho Falls Chukars : RHP Poom Saksansin
Batting: LHB Norbert Ingalsbe 0-0: Foul Ball, location: 2F
0-1: DOUBLE (Flyball, 8RXD, EV 93.8 MPH)
Pitching: LHP Mathis Vial
Batting: RHB Shao Qigang 0-0: Ball
1-0: Ball
2-0: Called Strike
2-1: Foul Ball, location: 2F
2-2: Ball
3-2: Foul Ball, location: 2F
3-2: Base on Balls
Batting: RHB John Camp 0-0: Ball
1-0: Called Strike
1-1: Foul Ball, location: 2F
1-2: Foul Ball, location: 2F
1-2: Strikes out swinging
Batting: LHB Mario Hernández 0-0: Ball
1-0: Ball
2-0: Ball
3-0: Base on Balls
Norbert Ingalsbe to third
Shao Qigang to second
Batting: LHB Armando Ventura 0-0: Foul Ball, location: 2F
0-1: Foul Ball, location: 2F
0-2: Ball
1-2: Foul Ball, location: 2F
1-2: Foul Ball, location: 2F
1-2: Grounds into fielders choice 6-2 (Groundball, 6, EV 88.8 MPH)
Shao Qigang to third
Mario Hernández to second
Batting: RHB Sam McConnell 0-0: Ball
1-0: Swinging Strike
1-1: Called Strike
1-2: Ball
2-2: Foul Ball, location: 2F
2-2: Strikes out swinging
Bottom of the 6th over - 0 runs, 1 hit, 0 errors, 3 left on base; Idaho Falls 3 - Grand Forks 1
TOP OF THE 7TH
Idaho Falls Chukars batting - Pitching for Grand Forks Caterpillars : RHP Takuro Soma
Batting: RHB Richard Forrest 0-0: Called Strike
0-1: Foul Ball, location: 2F
0-2: Ball
1-2: Strikes out swinging
Batting: RHB Vinnie Nuyten 0-0: SINGLE (Groundball, 56D, EV 102.5 MPH)
Pitching: LHP Félix Cordero
Batting: RHB César Vélez 0-0: Ball
1-0: Fielders Choice at 2nd, 6-4 (Groundball, 56, EV 83.8 MPH)
Batting: SHB Joe Middleton 0-0: Foul Ball, location: 2F
0-1: Swinging Strike
0-2: Foul Ball, location: 2F
0-2: Ball
1-2: Ball
2-2: Ball
3-2: Ground out 5-3 (Groundball, 56S, EV 84.4 MPH)
Top of the 7th over - 0 runs, 1 hit, 0 errors, 1 left on base; Idaho Falls 3 - Grand Forks 1
BOTTOM OF THE 7TH
Grand Forks Caterpillars batting - Pitching for Idaho Falls Chukars : LHP Mathis Vial
Batting: RHB Alfredo Guerrero 0-0: DOUBLE (Groundball, 5L, EV 96.9 MPH)
Batting: SHB Manu Pakkarinen 0-0: Ball
1-0: Called Strike
1-1: Ball
2-1: Ball
3-1: Swinging Strike
3-2: Base on Balls
Pitching: RHP Masao Myoga
Batting: SHB Momoru Kichida 0-0: Ball
1-0: Ball
2-0: Sac Bunt to 2R - play at first, batter OUT! 2-4
Alfredo Guerrero to third
Manu Pakkarinen to second
Batting: LHB Norbert Ingalsbe 0-0: Fly out, F8 (Flyball, 8LD, EV 110.0 MPH)
Runner from 3rd tags up, SCORES, throw by CF
Manu Pakkarinen to third
Batting: RHB Shao Qigang 0-0: Fly out, F8 (Flyball, 89M, EV 88.8 MPH)
Bottom of the 7th over - 1 run, 1 hit, 0 errors, 1 left on base; Idaho Falls 3 - Grand Forks 2
TOP OF THE 8TH
Idaho Falls Chukars batting - Pitching for Grand Forks Caterpillars : LHP Félix Cordero
Batting: SHB Oscar Henson 0-0: Ball
1-0: Fly out, F8 (Flyball, 8LM, EV 85.6 MPH)
Batting: LHB Doyle Berkey 0-0: Foul Ball, location: 2F
0-1: Ball
1-1: Ground out U3 (Groundball, 34, EV 105.0 MPH)
Batting: RHB Jon Walker 0-0: Called Strike
0-1: Called Strike
0-2: Foul Ball, location: 2F
0-2: Strikes out swinging
Top of the 8th over - 0 runs, 0 hits, 0 errors, 0 left on base; Idaho Falls 3 - Grand Forks 2
BOTTOM OF THE 8TH
Grand Forks Caterpillars batting - Pitching for Idaho Falls Chukars : RHP Masao Myoga
Now in RF: Greg Ge
Batting: RHB John Camp 0-0: Ball
1-0: Ball
2-0: Called Strike
2-1: Swinging Strike
2-2: Foul Ball, location: 2F
2-2: Ball
3-2: Base on Balls
Batting: LHB Mario Hernández 0-0: Called Strike
0-1: Ball
1-1: Foul Ball, location: 2F
1-2: SINGLE (Groundball, 34D, EV 96.2 MPH)
John Camp to second
Runner from 2nd tries for 3rd, SAFE, no throw by RF
Pinch Hitting: LHB Carlos Rosário 0-0: Ball
1-0: Foul Ball, location: 2F
1-1: Ball
2-1: Foul Ball, location: 2F
2-2: SINGLE (Line Drive, 9S, EV 110.6 MPH)
John Camp scores
Mario Hernández to second
Batting: RHB Sam McConnell 0-0: Called Strike
0-1: Ball
1-1: Grounds into double play, 6-4-3 (Groundball, 56, EV 105.6 MPH)
Mario Hernández to third
Batting: RHB Alfredo Guerrero 0-0: Foul Ball, location: 2F
0-1: SINGLE (Line Drive, 4D, EV 109.4 MPH)
Mario Hernández scores
Batting: SHB Manu Pakkarinen 0-0: Foul Ball, location: 2F
0-1: Called Strike
0-2: Foul Ball, location: 2F
0-2: Strikes out looking
Bottom of the 8th over - 2 runs, 3 hits, 0 errors, 1 left on base; Idaho Falls 3 - Grand Forks 4
TOP OF THE 9TH
Idaho Falls Chukars batting - Pitching for Grand Forks Caterpillars : LHP Félix Cordero
Pitching: RHP Ludovic Laurent
Now at SS: Eugene Bradley
Now in LF: Jeet Kandathil
Pinch Hitting: LHB Emosi Whiu 0-0: Called Strike
0-1: Ground out 6-3 (Groundball, 6, EV 83.8 MPH)
Batting: SHB Koryusai Ohayashi 0-0: Called Strike
0-1: Ball
1-1: Foul Ball, location: 2F
1-2: Ball
2-2: Fly out, F8 (Flyball, 8LD, EV 89.4 MPH)
Batting: RHB Richard Forrest 0-0: Ball
1-0: Fly out, F6 (Popup, 6MS, EV 80.6 MPH)
Top of the 9th over - 0 runs, 0 hits, 0 errors, 0 left on base; Idaho Falls 3 - Grand Forks 4
Friday, April 17th, 2020 - OOTP Baseball 20.8 Build 74